 Dungeon Crawl Stone Soup version 0.30-a0-1124-g6e8f0f562f (webtiles) character file.

Game seed: 987920673335274893

4973 cheesebisquit the Frost Mage (level 10, -2/73 HPs)
             Began as a Merfolk Ice Elementalist on Apr 23, 2023.
             Was a Priest of Hepliaklqana.
             Slain by a two-headed ogre
             ... wielding a +0 giant spiked club
              (10 damage)
             ... on level 9 of the Dungeon.
             The game lasted 00:34:06 (10317 turns).

cheesebisquit the Frost Mage (MfIE)                Turns: 10317, Time: 00:34:06

Health: -2/73      AC: 16    Str:  9    XL:     10   Next: 53%
Magic:  10/21      EV: 11    Int: 18    God:    Hepliaklqana [***...]
Gold:   618        SH:  0    Dex: 15    Spells: 8/24 levels left

rFire   . . .        j - +2 hand axe (flame)
rCold   . . .        (no shield)
rNeg    . . .        D - +0 acid dragon scales
rPois   .            A - +0 hat
rElec   .            (no cloak)
rCorr   +            (no gloves)
SInv    .            (no boots)
Will    .....        (no amulet)
Stlth   ++           x - +4 ring of protection
HPRegen 0.32/turn    (no ring)
MPRegen 0.17/turn

%: no passive effects
@: ice-armoured, freezing walls
A: reduced essence, (nimble swimmer 2), mertail
a: Renounce Religion, Recall Ancestor, Ancestor Identity, Transference


You were on level 9 of the Dungeon.
You worshipped Hepliaklqana.
Hepliaklqana was most pleased with you.
You visited 2 branches of the dungeon, and saw 10 of its levels.

You collected 618 gold pieces.

Inventory:

Hand Weapons
 j - a +2 hand axe of flaming (weapon)
Missiles
 h - 17 poisoned darts
 l - 4 atropa-tipped darts
 o - 6 datura-tipped darts
Armour
 a - a +0 robe
 A - a +0 hat (worn)
 D - +0 acid dragon scales (worn)
Jewellery
 r - a ring of fire
 u - an amulet of faith
 x - a +4 ring of protection (left hand)
Wands
 b - a wand of digging (5)
 k - a wand of mindburst (35)
 p - a wand of flame (35)
 C - a wand of light (5)
Scrolls
 e - 2 scrolls of amnesia {unknown}
 f - 4 scrolls of immolation
 g - 3 scrolls of summoning
 i - a scroll of fog
 m - 5 scrolls of teleportation
 q - 2 scrolls of vulnerability {unknown}
 s - a scroll of enchant armour {unknown}
 t - a scroll of fear
 y - a scroll of torment {unknown}
 B - a scroll of brand weapon {unknown}
Potions
 c - a potion of flight
 d - 2 potions of heal wounds
 n - a potion of berserk rage
 v - a potion of mutation
 w - a potion of lignification
 z - a potion of resistance {unknown}


   Skills:
 + Level 8.8 Fighting
 - Level 2.6 Dodging
 - Level 2.1 Stealth
 + Level 7.7 Spellcasting
 + Level 11.8 Ice Magic


You had 8 spell levels left.
You knew the following spells:

 Your Spells              Type           Power      Damage    Failure   Level
a - Freeze                Ice            100%       1d10      1%          1
b - Frozen Ramparts       Ice            98%        1d15      1%          3
c - Ozocubu's Armour      Ice            49%        N/A       1%          3
d - Summon Ice Beast      Ice/Summ       28%        N/A       14%         4
e - Metabolic Englaciati  Hex/Ice        14%        N/A       38%         5

Your spell library contained the following spells:

 Spells                   Type           Power      Damage    Failure   Level
 Magic Dart               Conj           24%        1d4       17%         1
 Shock                    Conj/Air       24%        1d4       17%         1
 Blink                    Tloc           12%        N/A       26%         2
 Searing Ray              Conj           12%        2d4       26%         2
 Stone Arrow              Conj/Erth      12%        3d7       45%         3
 Summon Guardian Golem    Hex/Summ       6%         N/A       45%         3
 Swiftness                Air            6%         N/A       45%         3
 Airstrike                Air            3%         2d(1-17)  86%         4
 Animate Armour           Summ/Erth      12%        N/A       86%         4
 Animate Dead             Necr           6%         N/A       86%         4
 Fulminant Prism          Conj/Hex       3%         3d5       86%         4
 Manifold Assault         Tloc           6%         N/A       86%         4
 Petrify                  Tmut/Erth      6%         N/A       86%         4
 Statue Form              Tmut/Erth      4%         N/A       100%        6
 Haunt                    Necr/Summ      3%         N/A       100%        7
 Orb of Destruction       Conj           3%         9d5       100%        7
 Spellforged Servitor     Conj/Summ      3%         N/A       100%        7
 Storm Form               Tmut/Air       3%         N/A       100%        7
 Infestation              Necr           3%         N/A       100%        8
 Lehudib's Crystal Spear  Conj/Erth      3%         10d2      100%        8


Dungeon Overview and Level Annotations

Branches:
Dungeon (9/15)             Temple (1/1) D:7
   Lair: D:8-11         Orc: D:9-12

Altars:
Ashenzari
Cheibriados
Dithmenos
Elyvilon
Fedhas
Gozag
Hepliaklqana
Kikubaaqudgha
Makhleb
Nemelex Xobeh
Qazlal
Ru
Trog
Uskayaw
Vehumet
Wu Jian
Xom
Yredelemnul
Zin
The Shining One

Shops:
D:4 (*   D:6 =   D:8 =

Annotations:
D:8 3 runed translucent doors


Innate Abilities, Weirdness & Mutations

Your life essence is reduced to manifest your ancestor. (-10% HP)
((You are very nimble when in or above water. (Stealth+, EV+, Speed+++)))
Your lower body shifts to a powerful aquatic tail in water.


Message History

Casting: Frozen Ramparts (safe; 1% risk of failure)
Confirm with . or Enter, or press ? or * to list all spells.
A film of ice covers your body!
Casting: Ozocubu's Armour (safe; 1% risk of failure)
Confirm with . or Enter, or press ? or * to list all spells.
A chill wind blows around you.
The wall freezes the two-headed ogre!
Okay, then.
The wall freezes the two-headed ogre!
The wall freezes the two-headed ogre.
You slash the two-headed ogre! You burn the two-headed ogre.
The two-headed ogre is severely wounded.
The wall freezes the two-headed ogre!
The two-headed ogre hits you but does no damage.
The two-headed ogre closely misses you.
The wall freezes the two-headed ogre.
You barely miss the two-headed ogre.
The two-headed ogre is almost dead.
You hit the two-headed ogre but do no damage.
The wall freezes the two-headed ogre.
The two-headed ogre misses you.
The two-headed ogre hits you with a +0 giant spiked club!
The wall freezes the two-headed ogre!
The two-headed ogre hits you with a +0 giant spiked club!
The two-headed ogre hits you with a +0 giant club!
Your ice beast barely misses the two-headed ogre.
You barely miss the two-headed ogre.
The two-headed ogre is almost dead.
You hit the two-headed ogre. You burn the two-headed ogre.
Your ice beast hits the two-headed ogre.
Your ice beast freezes the two-headed ogre!
The two-headed ogre dies!
The wall freezes the two-headed ogre!
The two-headed ogre hits you with a +0 giant spiked club.
The two-headed ogre misses you.
You hit the two-headed ogre. You burn the two-headed ogre.
The two-headed ogre is severely wounded.
Your ice beast hits the two-headed ogre.
Your ice beast freezes the two-headed ogre!
The wall freezes the two-headed ogre.
The two-headed ogre hits you with a +0 giant spiked club!!
* * * LOW HITPOINT WARNING * * *
The two-headed ogre hits you with a +0 giant club!
You die...

#..#
#..#
#...
#..#
#..#
#..#
#O)#
#Y@#
#..#
#..#
#...
####


You could see a two-headed ogre (ally target) and a friendly ice beast
(summoned).

Vanquished Creatures
  2 steam dragons (D:8)
  Pargi (D:3)
  2 orc warriors
  2 sky beasts (D:7)
  A phantom (D:6)
  A centaur (D:8)
  4 scorpions
  3 bullfrogs
  4 howler monkeys
  3 hounds (D:5)
  2 jellies
  A gnoll bouda (D:5)
  6 orc priests
  2 sleepcaps
  4 orc wizards
  4 iguanas
  Terence (D:3)
  14 gnolls
  7 adders
  2 worms (D:3)
  2 dart slugs
  14 orcs
  4 endoplasms
  7 giant cockroaches
  2 goblins
  6 hobgoblins
  2 jackals (D:5)
  5 kobolds
  3 quokkas
  4 ball pythons
  4 bats
  3 frilled lizards
  7 rats
129 creatures vanquished.

Vanquished Creatures (collateral kills)
  Gastronok (D:8)
  A two-headed ogre (D:9)
  Maggie (D:9)
  A water moccasin (D:7)
  An ogre (D:5)
  A phantom (D:6)
  A bullfrog (D:6)
  2 scorpions
  A gnoll sergeant (D:7)
  2 howler monkeys
  A hound (D:5)
  An iguana (D:5)
  A sleepcap (D:6)
  3 gnolls
  2 white imps
  5 orcs
25 creatures vanquished.

Vanquished Creatures (others)
  A battlemage (D:9)
  An ancestor (D:5)
2 creatures vanquished.

Grand Total: 156 creatures vanquished

Notes
Turn   | Place    | Note
-------+----------+-------------------------------------------
     0 | D:1      | cheesebisquit the Merfolk Ice Elementalist began the quest
                  | for the Orb.
     0 | D:1      | Reached XP level 1. HP: 13/13 MP: 3/3
   396 | D:1      | Reached XP level 2. HP: 19/19 MP: 3/5
   404 | D:1      | Reached skill level 5 in Ice Magic
  1183 | D:2      | Reached XP level 3. HP: 24/24 MP: 4/6
  1265 | D:2      | You fall into a shaft and drop 2 floors!
  1265 | D:4      | Found Xoalowiux's Antique Weapon Boutique.
  1397 | D:3      | Reached skill level 6 in Ice Magic
  1453 | D:2      | Reached XP level 4. HP: 30/30 MP: 3/7
  1970 | D:3      | Noticed Terence
  1974 | D:3      | Killed Terence
  1975 | D:3      | Found a sacrificial altar of Ru.
  2319 | D:3      | Found a glowing golden altar of the Shining One.
  2449 | D:3      | Noticed Pargi
  2460 | D:3      | Killed Pargi
  2461 | D:3      | Reached skill level 7 in Ice Magic
  2461 | D:3      | Reached XP level 5. HP: 11/35 MP: 0/8
  2717 | D:3      | Found a broken altar of Ashenzari.
  3071 | D:3      | Reached XP level 6. HP: 20/41 MP: 5/9
  3093 | D:3      | Reached skill level 8 in Ice Magic
  3197 | D:3      | Found a hazy altar of Hepliaklqana.
  3313 | D:3      | Became a worshipper of Hepliaklqana the Forgotten
  3377 | D:3      | Learned a level 3 spell: Frozen Ramparts
  3381 | D:3      | Learned a level 3 spell: Ozocubu's Armour
  3527 | D:4      | Found Ubroa's Gadget Gallery.
  3672 | D:4      | Reached skill level 1 in Fighting
  4090 | D:4      | Reached XP level 7. HP: 49/49 MP: 7/10
  4130 | D:4      | Reached * piety under Hepliaklqana
  4227 | D:4      | Found a shadowy altar of Dithmenos.
  4233 | D:4      | Found a stormy altar of Qazlal.
  4274 | D:4      | Found a glowing silver altar of Zin.
  4559 | D:5      | Entered Level 5 of the Dungeon
  4766 | D:5      | Found a bloodstained altar of Trog.
  5350 | D:5      | Reached skill level 9 in Ice Magic
  5350 | D:5      | Reached XP level 8. HP: 54/54 MP: 6/13
  5847 | D:6      | Found Reinunufy's Jewellery Emporium.
  6136 | D:6      | Found a snail-covered altar of Cheibriados.
  6278 | D:6      | Reached skill level 5 in Fighting
  6516 | D:6      | Reached skill level 5 in Spellcasting
  6807 | D:6      | Reached XP level 9. HP: 47/61 MP: 7/16
  6817 | D:6      | Reached skill level 10 in Ice Magic
  7302 | D:7      | Learned a level 4 spell: Summon Ice Beast
  7308 | D:7      | Learned a level 5 spell: Metabolic Englaciation
  7386 | D:7      | Found a staircase to the Ecumenical Temple.
  7390 | D:7      | Reached ** piety under Hepliaklqana
  7391 | D:7      | Remembered your ancestor Little Tail as a battlemage
  7398 | Temple   | Entered the Ecumenical Temple
  7777 | D:7      | Found a blossoming altar of Fedhas.
  8758 | D:8      | Found Aniofag's Jewellery Shop.
  8791 | D:8      | Found a runed translucent gate.
  8791 | D:8      | Found a runed translucent gate.
  8791 | D:8      | Found a runed translucent gate.
  8794 | D:8      | Noticed a green ugly thing
  8794 | D:8      | Noticed a cyan ugly thing
  8794 | D:8      | Noticed a red ugly thing
  8795 | D:8      | Noticed a cyan ugly thing
  8795 | D:8      | Noticed a white ugly thing
  8796 | D:8      | Noticed a glowing orange brain
  8797 | D:8      | Noticed a red ugly thing
  8846 | D:8      | Noticed Gastronok
  8857 | D:8      | Killed Gastronok
  8858 | D:8      | Reached skill level 11 in Ice Magic
  8858 | D:8      | Reached XP level 10. HP: 72/72 MP: 13/20
  9344 | D:8      | Reached *** piety under Hepliaklqana
 10252 | D:9      | Noticed Maggie
 10257 | D:9      | Killed Maggie
 10308 | D:9      | Found an ancient bone altar of Kikubaaqudgha.
 10308 | D:9      | Noticed a two-headed ogre
 10308 | D:9      | Noticed a two-headed ogre
 10316 | D:9      | Killed a two-headed ogre
 10317 | D:9      | Slain by a two-headed ogre

Illustrated notes

Levels and vault maps discovered:
D:1:      heliophobic_arrival_ceremonial_halls, layout_basic
D:2:      layout_rooms, minmay_stone_trees_medium,
          minmay_misc_feat_secret_circle
D:3:      layout_loops_corners, nicolae_hepliaklqana_hippocampus,
          mainiacjoe_overflow_boulevard, mainiacjoe_overflow_six_doors_small,
          mainiacjoe_overflow_alcove_4, uniq_pargi, uniq_terence
D:4:      layout_basic, minmay_overflow_temple_star_quad,
          kennysheep_cluttered_room, minmay_misc_feat_nine_boxes,
          nicolae_stop_n_shop_1, nicolae_shop_gadgets
D:5:      layout_basic, trog_butcher_becter
D:6:      layout_rooms, mainiacjoe_overflow_24_doors, serial_shops, shop_coins,
          kennysheep_small_spiral, minmay_misc_feat_cross
D:7:      layout_gridville, mainiacjoe_overflow_alcove_2,
          minmay_temple_entry_overgrown
D:8:      layout_loops_corners, serial_shops, nicolae_shop_gaudy_bauble,
          ploomutoo_gammafunk_ghost_potion_laboratory, grunt_ministairs_13,
          kb_lookout_dungeons_type, uniq_gastronok
D:9:      layout_loops_ring, mainiacjoe_overflow_tiny_flanked,
          lemuel_tele_altar, erik_lair_dragon, uniq_maggie
Temple:   hellmonk_temple_beads

Skill      XL: |  1  2  3  4  5  6  7  8  9 |
---------------+----------------------------+-----
Ice Magic      | 5 6 7 8 9 11 | 11.8
Fighting       | 1 3 5 8 |  8.8
Spellcasting   | 3 5 7 |  7.7
Dodging        | |  2.6
Stealth        | |  2.1

Action                     |  1- 3 |  4- 6 |  7- 9 | 10-12 || total
---------------------------+-------+-------+-------+-------++-------
  Melee: Unarmed           |    22 |       |       |       ||    22
         Hand axe          |       |    16 |    88 |    13 ||   117
         Punch             |       |       |     3 |       ||     3
   Cast: Freeze            |    47 |    74 |    76 |       ||   197
         Frozen Ramparts   |       |       |    22 |    12 ||    34
         Ozocubu's Armour  |       |       |    28 |     9 ||    37
         Summon Ice Beast  |       |       |       |     1 ||     1
 Invoke: Ancestor Identity |       |       |     1 |       ||     1
         Recall Ancestor   |       |       |     1 |     1 ||     2
         Ancestor Life: Ba |       |       |     1 |       ||     1
    Use: Potion            |     1 |     5 |     4 |       ||    10
         Scroll            |       |       |    10 |       ||    10
   Stab: Distracted        |       |       |       |     1 ||     1
 Armour: Robe              |     9 |     7 |    43 |     7 ||    66
         Acid dragon scale |       |       |       |     1 ||     1
  Dodge: Dodged            |    40 |    40 |   120 |    20 ||   220

Table legend: (Time is in decaauts)
 A = Elapsed time spent in this place.
 B = Non-inter-level travel time spent in this place.
 C = Inter-level travel time spent in this place.
 D = Time resting spent in this place.
 E = Time spent auto-exploring this place.
 F = Levels seen in this place.
 G = Mean time per level.
                   A        B        C        D        E       F      G
               +--------+--------+--------+--------+--------+-----+--------+
         Total |  10347 |   9642 |    705 |      0 |   8480 |  10 | 1034.7 |
       Dungeon |  10178 |   9544 |    634 |      0 |   8393 |   9 | 1130.9 |
        Temple |    168 |     97 |     71 |      0 |     87 |   1 |  168.0 |
               +--------+--------+--------+--------+--------+-----+--------+

Top non-repeatable levels by time:
     D:8: 1694 daAuts
     D:3: 1574 daAuts
     D:6: 1484 daAuts
     D:7: 1167 daAuts
     D:5: 1156 daAuts
     D:4: 1138 daAuts
     D:1: 1006 daAuts
     D:2: 842 daAuts
  Temple: 168 daAuts
     D:9: 113 daAuts
